 Dungeon Crawl Stone Soup version 0.24.0-1-gfbc8707 (webtiles) character file.

Game seed: 7382583376542086497, levelgen mode: deterministic

532 Fang the Skirmisher (level 7, -6/66 HPs)
             Began as a Gargoyle Berserker on Oct 30, 2019.
             Was a Priest of Trog.
             Mangled by an ogre
             ... wielding a +0 giant club
              (15 damage)
             ... on level 5 of the Dungeon.
             The game lasted 00:03:21 (3985 turns).

Fang the Skirmisher (Gargoyle Berserker)            Turns: 3985, Time: 00:03:22

Health: -6/66      AC:  7    Str: 27    XL:     7   Next: 24%
Magic:  16/16      EV: 12    Int:  8    God:    Trog [***...]
Gold:   175        SH:  0    Dex:  9    Spells: 6/6 levels left

rFire    . . .     SeeInvis .   a - +0 war axe
rCold    . . .     Gourm    .   (no shield)
rNeg     + . .     Faith    .   b - +0 animal skin
rPois    ∞         Spirit   .   (no helmet)
rElec    +         Reflect  .   (no cloak)
rCorr    .         Harm     .   (no gloves)
MR       .....                  (no boots)
Stlth    ..........             (no amulet)
HPRegen  0.21/turn              k - ring of magical power
MPRegen  0.15/turn              (no ring)

@: berserking, very quick
A: negative energy resistance 1, electricity resistance, unbreathing,
petrification resistance, rot immunity, AC +4
a: Berserk, Trog's Hand, Renounce Religion


You were on level 5 of the Dungeon.
You worshipped Trog.
Trog was most pleased with you.
You were hungry.

You visited 1 branch of the dungeon, and saw 5 of its levels.

You collected 175 gold pieces.

Inventory:

Hand Weapons
 a - a +0 war axe (weapon)
Armour
 b - a +0 animal skin (worn)
Jewellery
 k - a ring of magical power (left hand)
Wands
 t - a wand of polymorph (7)
Scrolls
 f - 3 scrolls of teleportation {unknown}
 g - 3 scrolls of identify {unknown}
 i - a scroll of enchant weapon {unknown}
 j - 2 scrolls of magic mapping {unknown}
 l - 5 scrolls of remove curse {unknown}
 n - 2 scrolls of fear {unknown}
 o - a scroll of blinking {unknown}
 q - 3 scrolls of immolation {unknown}
Potions
 d - 2 potions of heal wounds {unknown}
 e - a potion of magic {unknown}
 h - 2 potions of agility {unknown}
 m - 2 potions of mutation {unknown}
 p - a potion of berserk rage {unknown}
 r - 3 potions of degeneration {unknown}
Comestibles
 c - 10 rations


   Skills:
 * Level 5.5 Fighting
 * Level 4.6 Axes
 + Level 4.1 Armour
 + Level 3.0 Dodging


You had 6 spell levels left.
You didn't know any spells.
Your spell library was empty.

Dungeon Overview and Level Annotations

Branches:
Dungeon (5/15)
 Temple: D:4-7

Altars:
Okawaru
Trog
Yredelemnul

Shops:
D:4 ?


Innate Abilities, Weirdness & Mutations

You are resistant to torment.
Your stone body is resilient. (AC +4)
You are immune to poison.
You resist negative energy. (rN+)
You are resistant to electric shocks. (rElec)
You can survive without breathing.
You are immune to petrification.
You are immune to rotting.


Message History

You are too injured to fight recklessly!
You are too injured to fight recklessly!
You are too injured to fight recklessly!
You are too injured to fight recklessly!
You are too injured to fight recklessly!
You are too injured to fight recklessly!
You are too injured to fight recklessly!
You are too injured to fight recklessly!
You are too injured to fight recklessly!
You are too injured to fight recklessly!
You are too injured to fight recklessly!
A red film seems to cover your vision as you go berserk!
You feel yourself moving faster!
You feel mighty!
You are feeling hungry.
The gnoll hits you with a +0 club.
* * * LOW HITPOINT WARNING * * *
You slice the ogre!!
The ogre is severely wounded.
You barely miss the gnoll. The ogre hits you with a +0 giant club!
You die...

#.# #.# #.#
#.# ##.
####.# ....
....##.....
#.....O...
#.# #@#
#Ogg.....
#gl#.....
...# ....
..## ...
.#.# ##
##.# #.#


You could see an ogre, an iguana and 3 gnolls.

Vanquished Creatures
  A scorpion (D:4)
  A howler monkey (D:4)
  2 orc priests
  2 orc wizards (D:4)
  Ijyb (D:4)
  An iguana (D:4)
  Natasha (D:4)
  A worker ant (D:4)
  A howler monkey zombie (D:5)
  A worker ant zombie (D:5)
  3 gnolls (D:4)
  7 adders
  A shadow imp (D:5)
  2 oozes
  An adder skeleton (D:4)
  A worm (D:2)
  A dart slug (D:3)
  A leopard gecko (D:3)
  22 orcs
  4 giant cockroaches
  2 gnoll zombies (D:4)
  10 goblins
  4 hobgoblins
  5 jackals
  A ball python (D:3)
  5 bats
  4 frilled lizards
  2 kobolds
  4 rats
92 creatures vanquished.

Notes
Turn   | Place    | Note
-------+----------+-------------------------------------------
     0 | D:1      | Fang the Gargoyle Berserker began the quest for the Orb.
     0 | D:1      | Reached XP level 1. HP: 14/14 MP: 1/1
   707 | D:2      | Reached XP level 2. HP: 12/19 MP: 2/2
  1032 | D:2      | Reached XP level 3. HP: 19/24 MP: 3/3
  1136 | D:2      | Found a bloodstained altar of Trog.
  1272 | D:3      | Reached XP level 4. HP: 11/29 MP: 4/4
  1598 | D:3      | Reached skill level 4 in Fighting
  1715 | D:3      | Reached ** piety under Trog
  1850 | D:3      | Reached XP level 5. HP: 12/33 MP: 5/5
  2367 | D:4      | Found Yshreodie's Magic Scroll Boutique.
  2528 | D:4      | Found an iron altar of Okawaru.
  2602 | D:4      | Found a basalt altar of Yredelemnul.
  2955 | D:4      | HP: 1/51 [orc priest (2)]
  2956 | D:4      | Reached XP level 6. HP: 2/39 MP: 6/6
  3323 | D:4      | Noticed Natasha
  3330 | D:4      | Killed Natasha
  3353 | D:4      | Reached skill level 5 in Fighting
  3568 | D:4      | Reached *** piety under Trog
  3568 | D:4      | Reached XP level 7. HP: 19/44 MP: 7/7
  3703 | D:4      | Noticed Ijyb
  3714 | D:4      | Killed Ijyb
  3968 | D:5      | Entered Level 5 of the Dungeon
  3985 | D:5      | Mangled by an ogre

Levels and vault maps discovered:
D:1:      minmay_arrival_plants_in_alcoves, layout_basic
D:2:      layout_rooms, trog_book
D:3:      layout_loops_ring, first_ration, saegor_snake_ambush
D:4:      kennysheep_goblin_castle, layout_loops_ring,
          lemuel_zombie_altar_yredelemnul, okawaru_metal_pillars_3,
          serial_shops, shop, uniq_natasha
D:5:      layout_rooms, minmay_temple_entry_nine_rooms, uniq_ijyb, uniq_pikel,
          uniq_sigmund

Skill      XL: |  1  2  3  4  5  6  7 |
---------------+----------------------+-----
Axes           | 3 4 |  4.6
Dodging        | 2 3 |  3.0
Armour         | 3 4 |  4.1
Fighting       | 4 5 |  5.5

Action                   |  1- 3 |  4- 6 |  7- 9 || total
-------------------------+-------+-------+-------++-------
Melee: Hand axe          |    78 |    42 |       ||   120
       War axe           |       |   154 |    30 ||   184
Invok: Berserk           |     2 |     4 |     1 ||     7
       Trog's Hand       |       |       |     1 ||     1
  Eat: Chunk             |     2 |     9 |     1 ||    12
       Ration            |       |     1 |       ||     1
Armor: Animal skin       |    18 |    71 |    21 ||   110
Dodge: Dodged            |    51 |   187 |    43 ||   281
